 Dungeon Crawl Stone Soup version 0.30-a0-322-g102857c98e (webtiles) character file.

Game seed: 13004352834219260045

207 bande the Chopper (level 5, -3/47 HPs)
             Began as a Hill Orc Fighter on Oct 27, 2022.
             Was a Follower of Beogh.
             Slain by Duvessa
             ... wielding a +0 short sword
              (5 damage)
             ... on level 4 of the Dungeon.
             The game lasted 00:03:15 (2590 turns).

bande the Chopper (Hill Orc Fighter)                Turns: 2590, Time: 00:03:16

Health: -3/47      AC:  9    Str: 19    XL:     5   Next: 85%
Magic:  5/6        EV:  7    Int:  8    God:    Beogh [*.....]
Gold:   196        SH:  5    Dex: 12    Spells: 4/4 levels left

rFire   . . .      SeeInvis .    a - +0 war axe
rCold   . . .      Faith    .    c - +0 buckler
rNeg    . . .      Spirit   .    s - +0 chain mail
rPois   .          Reflect  .    (no helmet)
rElec   .          Harm     .    (no cloak)
rCorr   .          Rampage  .    (no gloves)
Will    .....                    (no boots)
Stlth   ..........               (no amulet)
HPRegen 0.27/turn                o - ring of flight
MPRegen 0.10/turn                (no ring)

@: mighty, lit by a corona, flying, glowing
A: no striking features
a: Renounce Religion


You were on level 4 of the Dungeon.
You worshipped Beogh.
Beogh was aware of your devotion.
You visited 1 branch of the dungeon, and saw 4 of its levels.

You collected 196 gold pieces.

Inventory:

Hand Weapons
 a - a +0 war axe (weapon)
 v - a +0 flail
Missiles
 u - a throwing net (quivered)
Armour
 c - a +0 buckler (worn)
 s - a +0 chain mail (worn)
Jewellery
 b - an amulet of the acrobat
 h - a ring of fire
 o - a ring of flight (left hand)
Wands
 p - a wand of flame (24)
Scrolls
 e - 4 scrolls of identify {unknown}
 f - 3 scrolls of magic mapping {unknown}
 g - a scroll of vulnerability {unknown}
 j - a scroll of amnesia {unknown}
 k - a scroll of teleportation {unknown}
 m - a scroll of poison {unknown}
 r - a scroll of silence {unknown}
Potions
 d - 2 potions of might
 i - 5 potions of curing {unknown}
 l - 2 potions of resistance {unknown}
 n - a potion of degeneration {unknown}
 q - a potion of attraction {unknown}
 t - a potion of invisibility {unknown}


   Skills:
 + Level 4.4 Fighting
 + Level 5.3 Axes
 + Level 4.4 Armour
 + Level 3.9 Shields
 * Level 1.7 Invocations


You had 4 spell levels left.
You didn't know any spells.
Your spell library was empty.

Dungeon Overview and Level Annotations

Branches:
Dungeon (4/15)
 Temple: D:4-7

Altars:
Sif Muna

Shops:
D:3 ?

Annotations:
D:4 Duvessa


Message History

You are outlined in light.
Unknown command.
You barely miss Duvessa.
Duvessa is moderately wounded.
You miss Dowan. You block Duvessa's attack. x2
Dowan hits you but does no damage.
You barely miss Duvessa.
Duvessa is moderately wounded.
You hit Dowan.
Duvessa says, "Where magic fails, the sword succeeds!"
Duvessa hits you but does no damage. Dowan hits you but does no damage.
Duvessa barely misses you.
You slash Duvessa!
Duvessa is heavily wounded.
You hit Dowan. You block Duvessa's attack.
Dowan gestures at you while chanting. You block the puff of flame.
Duvessa completely misses you.
You barely miss Duvessa.
Duvessa is heavily wounded.
You barely miss Dowan. Dowan hits you with a +0 dagger.
Duvessa hits you but does no damage. Dowan hits you but does no damage.
You hit Duvessa but do no damage.
Duvessa is heavily wounded.
You slash Dowan!
You kill Dowan!
Beogh accepts your kill.
Duvessa weeps, and shakes her weapon.
Duvessa goes berserk!
You block Duvessa's attack. Duvessa hits you but does no damage.
You block Duvessa's attack.
You slice Duvessa!!
Duvessa is almost dead.
Duvessa hits you with a +0 short sword!
* * * LOW HITPOINT WARNING * * *
Unknown command.
You barely miss Duvessa.
Duvessa is almost dead.
Duvessa hits you with a +0 short sword.
* * * LOW HITPOINT WARNING * * *
Duvessa hits you with a +0 short sword.
You die...

# ##.##
##......#
#+#
##.....#
##....#
#....######
#.........#
#.........#
#.........#
#.........#
#....@....#
#....e)...#
##........#
#........#
#........#
#........#
#........#
#........#


You could see Duvessa (berserk, fast).

Vanquished Creatures
  Dowan (D:4)
  Jessica (D:3)
  3 gnolls (D:4)
  2 adders (D:2)
  2 worms (D:4)
  4 dart slugs
  An orc (D:3)
  4 endoplasms
  5 giant cockroaches
  10 goblins
  3 hobgoblins
  4 jackals
  7 kobolds
  A quokka (D:1)
  8 ball pythons
  4 bats
  4 frilled lizards
  4 rats
68 creatures vanquished.

Vanquished Creatures (others)
  A dart slug (D:3)
  A bat (D:3)
2 creatures vanquished.

Grand Total: 70 creatures vanquished

Notes
Turn   | Place    | Note
-------+----------+-------------------------------------------
     0 | D:1      | bande the Hill Orc Fighter began the quest for the Orb.
     0 | D:1      | Reached XP level 1. HP: 19/19 MP: 1/1
    78 | D:1      | Reached XP level 2. HP: 27/27 MP: 2/2
   311 | D:1      | Found a faded altar of an unknown god.
   323 | D:1      | Reached skill level 3 in Axes
   871 | D:2      | Reached XP level 3. HP: 29/33 MP: 3/3
  1358 | D:2      | Reached skill level 4 in Axes
  1358 | D:2      | Reached XP level 4. HP: 40/40 MP: 4/4
  1648 | D:3      | Found a shimmering blue altar of Sif Muna.
  1690 | D:3      | Became a worshipper of Beogh the Brigand
  1851 | D:3      | Found Qihisar's Magic Scroll Emporium.
  1867 | D:3      | Noticed Jessica
  1874 | D:3      | Killed Jessica
  2345 | D:4      | Reached skill level 1 in Invocations
  2345 | D:4      | Reached XP level 5. HP: 46/46 MP: 5/5
  2478 | D:4      | Reached skill level 5 in Axes
  2489 | D:4      | Reached * piety under Beogh
  2570 | D:4      | Noticed Dowan
  2570 | D:4      | Noticed Duvessa
  2588 | D:4      | Killed Dowan
  2590 | D:4      | HP: 2/47 [Duvessa/+0 short sword (6)]
  2590 | D:4      | Slain by Duvessa

Illustrated notes

Levels and vault maps discovered:
D:1:      onia_arrival_pyramid, layout_loops_corners,
          chequers_ecumenical_altar_simple, minmay_misc_feat_pillars
D:2:      minmay_skewed_foursquare, layout_basic, st_stairs_14,
          minmay_liquid_box, chequers_serial_rivers_marsh
D:3:      layout_basic, mainiacjoe_overflow_tiny_flanked, serial_shops,
          nicolae_shop_waterfront, uniq_jessica
D:4:      layout_gridville, old_standard_altar, wad_orctagon, uniq_duvessa

Skill      XL: |  1  2  3  4  5 |
---------------+----------------+-----
Axes           | 3 4 5 |  5.3
Fighting       | 4 |  4.4
Armour         | 4 |  4.4
Invocations    | 1 |  1.7
Shields        | |  3.9

Action                   |  1- 3 |  4- 6 || total
-------------------------+-------+-------++-------
Melee: War axe           |   135 |    87 ||   222
Invok: Convert to Beogh  |       |     1 ||     1
  Use: Potion            |       |     1 ||     1
Armor: Scale mail        |    65 |    21 ||    86
       Chain mail        |       |    30 ||    30
Dodge: Dodged            |    64 |    41 ||   105
Block: Buckler           |    34 |    26 ||    60

Table legend: (Time is in decaauts)
 A = Elapsed time spent in this place.
 B = Non-inter-level travel time spent in this place.
 C = Inter-level travel time spent in this place.
 D = Time resting spent in this place.
 E = Time spent auto-exploring this place.
 F = Levels seen in this place.
 G = Mean time per level.
                   A        B        C        D        E       F      G
               +--------+--------+--------+--------+--------+-----+--------+
         Total |   2673 |   2589 |     84 |    146 |   1905 |   4 |  668.2 |
       Dungeon |   2673 |   2589 |     84 |    146 |   1905 |   4 |  668.2 |
               +--------+--------+--------+--------+--------+-----+--------+

Top non-repeatable levels by time:
     D:1: 854 daAuts
     D:2: 836 daAuts
     D:3: 658 daAuts
     D:4: 324 daAuts
